Bacon, lawful male human Monk --- -- ---- -- |.. --.-- --... |. ---.- ---...| ........ --.. |...|-- |.H@.- -- -.......... ------...|.-------.---- -.........*....................0......| ----------................(..10------ --..^..............>..| |.. |.....-........-- - -- | - ---..<.-- |...-- ---.| --- Bacon the Initiate Experience level: 7 Strength: 17 Dexterity: 18 Constitution: 15 Intelligence: 9 Wisdom: 9 Charisma: 9 Health: 0(44) Energy: 19(33) AC: 4 Gold: 901 Moves: 2382 Your Inventory: Coins $ - 901 gold pieces Amulets p - a [cursed] triangular amulet [of restful sleep] Armor a - an uncursed burnt +2 pair of leather gloves (being worn) b - an uncursed +1 robe (being worn) W - an [uncursed] +0 pair of snow boots [elven] (being worn) Comestibles f - 2 uncursed food rations h - 5 uncursed oranges q - an [uncursed] lembas wafer T - an [uncursed] tin [of monkey meat] Scrolls d - an uncursed scroll of blank paper l - an [uncursed] scroll labeled READ ME [of confuse monster] m - an [uncursed] scroll of blank paper x - 2 [uncursed] scrolls labeled VERR YED HORRE [of identify] Spellbooks c - a blessed spellbook of healing z - an [uncursed] orange spellbook [of identify] U - an [uncursed] rainbow spellbook [of jumping] Potions g - an [uncursed] black potion [of see invisible] r - a [blessed] black potion [of see invisible] s - an [uncursed] dark green potion [of gain level] w - an [uncursed] slimy potion [of hallucination] B - 2 [uncursed] emerald potions [of fruit juice] C - an [uncursed] amber potion [of paralysis] X - an [uncursed] puce potion [of gain ability] Wands y - an [uncursed] crusty wand [of cold (0:7)] V - an [uncursed] glass wand [of striking (0:8)] Tools i - an [uncursed] magic whistle j - an uncursed magic marker (0:32) t - an [uncursed] blindfold H - 4 [uncursed tallow] candles R - a [cursed oil] lamp Z - an [uncursed] looking glass [mirror] Gems k - an [uncursed] green gem [worthless glass] u - 3 [uncursed] blue gems [worthless glass] v - 2 [uncursed] orange gems [worthless glass] J - an [uncursed] violet gem [worthless glass] O - an [uncursed] white gem [worthless glass] S - an [uncursed] yellow gem [chrysoberyl] Y - an [uncursed] yellowish brown gem [worthless glass] Spells known in the end: Name Level Category Fail Memory a - healing 1 healing 0% [||||||||] Your skills at the end: Fighting Skills martial arts [Basic / Grand Master] Weapon Skills Spellcasting Skills healing spells [Basic / Expert] Final Attributes: You were piously aligned. Hunger level was 442. Your alignment was 21 / 21. Monster difficulty range was 1 - 8. Level difficulty was 9. You were immune to sleep. You were immune to poison. You saw invisible. You were telepathic. You were warned. You were stealthy. You were fast. Your luck was zero. You are dead. Vanquished creatures: a giant spider a horse an orc mummy a Green-elf a jaguar a blue jelly a quasit 5 gnome lords a gnomish wizard a gray ooze a straw golem a giant ant 2 floating eyes a kitten 3 dwarves a giant bat a werejackal a hobbit a large kobold a green mold a red mold 30 gnomes 3 geckos 3 jackals a kobold 3 goblins 2 sewer rats 2 grid bugs 2 bats 4 newts 78 creatures vanquished. Voluntary challenges: You were an atheist. You pretended to be a vegetarian. You never hit with a wielded weapon. You read items or engraved 4 times. You put on armor 3 times. You never genocided any monsters. You never polymorphed an object. You never changed form. You used no wishes. You never wrote Elbereth's name. You never encountered a bones level. You never used any Sokoban shortcuts. Dungeon overview: The Dungeons of Doom: levels 1 to 4 Level 1 some fountains a long staircase Level 2 a jewelry store, a sink Level 3 stairs to The Gnomish Mines The Gnomish Mines: levels 4 to 9 Level 4 stairs to The Dungeons of Doom Level 9 <- You were here History has recorded: On T:1 you entered the Dungeons of Doom to retrieve the Amulet of Yendor! On T:275 you reached level 2 of The Dungeons of Doom. On T:482 you advanced to experience level 2. On T:662 you reached level 3 of The Dungeons of Doom. On T:690 you advanced to experience level 3. On T:728 you advanced to experience level 4. On T:780 you reached level 4 of The Dungeons of Doom. On T:1476 you advanced to experience level 5. On T:1533 you reached level 1 of The Gnomish Mines. On T:1961 you reached level 2 of The Gnomish Mines. On T:1976 you advanced to experience level 6. On T:2001 you reached level 5 of The Gnomish Mines. On T:2103 you advanced to experience level 7. On T:2326 you reached level 6 of The Gnomish Mines. Latest messages: [HP-3=22] You feel better. The storm giant hits! [HP-4=18] You feel better. The storm giant hits! [HP+6=24] You hit the storm giant! (2x) You hear crashing rock. The storm giant hits! [HP-10=14] You feel better. The storm giant hits! [HP+4=18] You hit the storm giant! The storm giant hits! [HP-6=12] You hit the storm giant! (2x) The storm giant hits! You die... Final status: Punardarsanaya Bacon the Monk... You died in The Gnomish Mines on dungeon level 9 with 3039 points, and 901 pieces of gold, after 2382 moves. You were level 7 with a maximum of 44 hit points when you died.